 Dungeon Crawl Stone Soup version 0.30.0 (webtiles) character file.

Game seed: 5767792253962687281

557 Brutalitops the Shooter (level 7, -4/39 HPs)
             Began as a Deep Elf Hexslinger on May 6, 2023.
             Slain by a troll (13 damage)
             ... on level 4 of the Dungeon.
             The game lasted 00:26:38 (4649 turns).

Brutalitops the Shooter (Deep Elf Hexslinger)       Turns: 4649, Time: 00:26:39

Health: -4/39      AC:  4    Str:  7    XL:     7   Next: 9%
Magic:  14/14      EV: 13    Int: 20    God:
Gold:   200        SH:  5    Dex: 21    Spells: 7/13 levels left

rFire   . . .        u - +1 shortbow
rCold   . . .        (shield currently unavailable)
rNeg    . . .        c - +0 robe
rPois   .            l - +1 helmet
rElec   .            (no cloak)
rCorr   .            (no gloves)
SInv    .            (no boots)
Will    .....        d - amulet of reflection
Stlth   ++           e - +6 ring of dexterity
HPRegen 0.26/turn    t - ring of wizardry
MPRegen 0.14/turn

%: reflection, wizardry (x1)
@: no status effects
A: no striking features
a: no special abilities


You were on level 4 of the Dungeon.
You visited 1 branch of the dungeon, and saw 5 of its levels.

You collected 200 gold pieces.

Inventory:

Hand Weapons
 a - a +1 sling
 u - a +1 shortbow (weapon)
Armour
 c - a +0 robe (worn)
 l - a +1 helmet (worn)
 p - a +0 buckler
Jewellery
 d - an amulet of reflection (around neck)
 e - a +6 ring of dexterity (left hand)
 j - an amulet of faith
 t - a ring of wizardry (right hand)
Scrolls
 b - a scroll of poison
 h - a scroll of amnesia
 o - 3 scrolls of fog
 q - a scroll of enchant weapon
Potions
 g - 2 potions of ambrosia
 m - 4 potions of might
 r - a potion of attraction {unknown}
 s - a potion of curing {unknown}


   Skills:
 + Level 1.8 Fighting
 + Level 7.5 Ranged Weapons
 + Level 3.0 Dodging
 + Level 0.8 Stealth
 + Level 0.6 Shields
 + Level 3.6 Spellcasting
 + Level 5.8 Hexes


You had 7 spell levels left.
You knew the following spells:

 Your Spells              Type           Power      Damage    Failure   Level
a - Slow                  Hex            100%       N/A       1%          1
b - Ensorcelled Hibernat  Hex/Ice        30%        N/A       2%          2
c - Portal Projectile     Hex/Tloc       30%        N/A       4%          3

Your spell library contained the following spells:

 Spells                   Type           Power      Damage    Failure   Level
 Inner Flame              Hex/Fire       15%        N/A       4%          3
 Cause Fear               Hex            13%        N/A       4%          4
 Passwall                 Tmut/Erth      2%         N/A       9%          2
 Swiftness                Air            3%         N/A       16%         3


Dungeon Overview and Level Annotations

Branches:
Dungeon (5/15)
 Temple: D:4-7

Altars:
Nemelex Xobeh

Annotations:
D:4 Eustachio


Message History

Eustachio hits you with a +0 rapier.
Eustachio gestures wildly while chanting.
Unknown command.
Unknown command.
Fire: u) +0 shortbow
Press: ? - help, Shift-Dir - straight line, f/p - Eustachio
Aim: Eustachio, wielding a +0 rapier and wearing a +0 leather armour (heavily wounded, 56% to hit)
You shoot an arrow. The arrow closely misses Eustachio.
The arrow closely misses the quasit.
The arrow barely misses the quasit.
The crimson imp disappears in a puff of smoke!
Eustachio casts a spell.
Eustachio blinks!
Fire: u) +0 shortbow
Press: ? - help, Shift-Dir - straight line, f/p - Eustachio
Aim: Eustachio, wielding a +0 rapier and wearing a +0 leather armour (heavily wounded, 56% to hit)
As you read the scroll of teleportation, it crumbles to dust.
You feel strangely unstable. You block the quasit's attack.
The quasit claws you but does no damage. x2
You block the iron imp's attack. The quasit closely misses you.
The quasit claws you. x2
Your surroundings suddenly seem different.
There is a stone staircase leading down here.
You climb downwards.
The troll shouts!
There is a stone staircase leading up here.
The troll bites you! The troll barely misses you. The troll claws you!
You climb upwards.
Level annotation: Eustachio
There is a stone staircase leading down here.
As you read the scroll labelled NITUAF GIWUTTA, it crumbles to dust.
It is a scroll of enchant weapon.
Your +0 shortbow glows red for a moment.
The troll closely misses you. The troll claws you. The troll claws you!
* * * LOW HITPOINT WARNING * * *
Okay, then.
As you read the scroll labelled PIPACS FELOCS, it crumbles to dust.
It is a scroll of enchant armour.
Your +0 helmet glows green for a moment.
The troll bites you!
You die...

####..###..##.......#
...+...'............#
...#...#............#
...#...#............#
..##..###..##...##'##
..##[.###+###...##..#
....................#
....................#
..............>T@...#
.#####.###.#######..#
#....#.###.###..##..#
#....#..#....#..#...#
#....#..#....#..'...#
#....#..#....#..#...#
#....'..#....#..#...#
#....######'###.##..#
###...........#######


You could see a troll.

Vanquished Creatures
  An ogre (D:4)
  A centaur (D:5)
  3 scorpions
  A hound (D:5)
  An iguana (D:5)
  7 adders
  A shadow imp (D:5)
  A worm (D:2)
  2 dart slugs
  2 orcs (D:4)
  8 endoplasms
  12 giant cockroaches
  13 goblins
  5 hobgoblins
  4 jackals (D:2)
  10 quokkas
  4 ball pythons
  3 bats
  A frilled lizard (D:3)
  2 kobolds
  6 rats
88 creatures vanquished.

Notes
Turn   | Place    | Note
-------+----------+-------------------------------------------
     0 | D:1      | Brutalitops the Deep Elf Hexslinger began the quest for the
                  | Orb.
     0 | D:1      | Reached XP level 1. HP: 11/11 MP: 5/5
   101 | D:1      | Reached XP level 2. HP: 15/16 MP: 3/6
   320 | D:1      | Learned a level 2 spell: Ensorcelled Hibernation
   442 | D:1      | Reached skill level 1 in Fighting
   684 | D:1      | Reached skill level 3 in Ranged Weapons
   712 | D:1      | Reached XP level 3. HP: 20/20 MP: 6/8
  1240 | D:2      | Reached skill level 5 in Hexes
  1659 | D:2      | Reached skill level 4 in Ranged Weapons
  1659 | D:2      | Reached XP level 4. HP: 25/25 MP: 7/9
  2480 | D:3      | Noticed a scorpion
  2971 | D:3      | Found a faded altar of an unknown god.
  3066 | D:4      | Noticed an ogre
  3074 | D:4      | Killed an ogre
  3075 | D:4      | Reached skill level 5 in Ranged Weapons
  3075 | D:4      | Reached XP level 5. HP: 29/29 MP: 7/10
  3342 | D:4      | Noticed Eustachio
  3698 | D:4      | Reached skill level 6 in Ranged Weapons
  3698 | D:4      | Reached XP level 6. HP: 25/34 MP: 12/12
  3900 | D:4      | Found a sparkling altar of Nemelex Xobeh.
  4053 | D:5      | Entered Level 5 of the Dungeon
  4266 | D:5      | Reached skill level 7 in Ranged Weapons
  4281 | D:5      | Noticed a troll
  4310 | D:4      | Learned a level 3 spell: Portal Projectile
  4463 | D:4      | Reached XP level 7. HP: 26/39 MP: 14/14
  4649 | D:4      | Slain by a troll

Illustrated notes

Levels and vault maps discovered:
D:1:      evilmike_arrival_plus, layout_loops_ring
D:2:      minmay_roachtagon, layout_basic, hangedman_feature_mirror,
          kennysheep_donut
D:3:      layout_rooms, serial_co_window_serial, co_window_paths_a,
          co_window_paths_b, co_window_paths_a, co_window_paths_b,
          co_window_corner_a, co_window_paths_a, co_window_of_opportunity_a,
          co_window_corner_a, co_window_paths_a, co_window_broadway_a,
          co_window_cross_3, co_window_of_opportunity_c, co_window_corner_ca,
          co_window_corner_cb, co_window_paths_e, glass_columns_a,
          glass_columns_a, glass_columns_c, glass_columns_b, glass_columns_a,
          shapermc_ecumenical_altar_pompeii, minivault_27,
          kennysheep_generic_room_13
D:4:      layout_gridville, nemelex_dance_club_becter, minivault_19,
          minivault_27, uniq_eustachio
D:5:      layout_loops_cross, lemuel_round_altar

Skill      XL: |  1  2  3  4  5  6 |
---------------+-------------------+-----
Fighting       | 1 |  1.8
Spellcasting   | 2 3 |  3.6
Ranged Weapons | 3 4 5 6 7 |  7.5
Hexes          | 5 |  5.8
Dodging        | 3 |  3.0
Stealth        | |  0.8
Shields        | |  0.6

Action                     |  1- 3 |  4- 6 |  7- 9 || total
---------------------------+-------+-------+-------++-------
   Fire: Sling             |   147 |   173 |       ||   320
         Shortbow          |       |    10 |     7 ||    17
   Cast: Slow              |    59 |    56 |       ||   115
         Portal Projectile |       |     1 |     1 ||     2
    Use: Scroll            |     3 |     7 |     3 ||    13
         Potion            |       |     2 |       ||     2
 Armour: Robe              |    14 |     8 |     2 ||    24
  Dodge: Dodged            |    28 |    44 |     3 ||    75
  Block: Other             |    10 |     4 |     2 ||    16
         Buckler           |       |    28 |       ||    28
         Reflection        |       |     2 |       ||     2
